 Dungeon Crawl Stone Soup version 0.26-a0-844-g3dd439832f (webtiles) character file.

Game seed: 9093948334660583922

123 sahdkjhfkaj the Chopper (level 5, -1/41 HPs)
             Began as a Human Fighter on Nov 19, 2020.
             Slain by an orc priest
             ... wielding a +0 short sword of speed
              (2 damage)
             ... on level 3 of the Dungeon.
             The game lasted 00:04:08 (2101 turns).

sahdkjhfkaj the Chopper (Human Fighter)             Turns: 2101, Time: 00:04:09

Health: -1/41      AC: 11    Str: 17    XL:     5   Next: 28%
Magic:  5/5        EV:  3    Int:  9    God:
Gold:   116        SH:  9    Dex: 12    Spells: 4/4 levels left

rFire    . . .     SeeInvis .   a - +0 war axe
rCold    . . .     Faith    .   c - +0 kite shield
rNeg     . . .     Spirit   .   i - +0 plate armour
rPois    .         Reflect  .   (no helmet)
rElec    .         Harm     .   (no cloak)
rCorr    .         Rampage  .   (no gloves)
MR       .....                  (no boots)
Stlth    ..........             (no amulet)
HPRegen  0.13/turn              h - ring of stealth
MPRegen  0.09/turn              (no ring)

@: no status effects
A: no striking features
a: no special abilities


You were on level 3 of the Dungeon.
You visited 1 branch of the dungeon, and saw 3 of its levels.

You collected 116 gold pieces.

Inventory:

Hand Weapons
 a - a +0 war axe (weapon)
Armour
 c - a +0 kite shield (worn)
 i - a +0 plate armour (worn)
Jewellery
 h - a ring of stealth (left hand)
Scrolls
 e - a scroll of blinking {!r, unknown}
 f - 2 scrolls of teleportation {!r}
 g - 2 scrolls of remove curse {!r}
 j - a scroll of random uselessness {!r, unknown}
Potions
 d - 2 potions of might {!q}
 k - a potion of haste {!q, unknown}
 l - a potion of curing {!q, unknown}
 m - a potion of heal wounds {!q, unknown}
 n - a potion of brilliance {!q, unknown}


   Skills:
 - Level 3.0 Fighting
 - Level 4.0 Axes
 + Level 3.2 Armour
 - Level 2.0 Dodging
 - Level 3.0 Shields
 - Level 1.0 Invocations
 - Level 1.0 Evocations


You had 4 spell levels left.
You didn't know any spells.
Your spell library was empty.

Dungeon Overview and Level Annotations

Branches:
Dungeon (3/15)

Altars:


Message History

The orc priest hits you but does no damage.
You closely miss the orc priest.
The orc priest is severely wounded.
The orc priest hits you with a +0 short sword of speed.
* * * LOW HITPOINT WARNING * * *
You barely miss the orc priest.
The orc priest is severely wounded.
The orc priest hits you with a +0 short sword of speed.
* * * LOW HITPOINT WARNING * * *
The orc priest invokes the aid of Beogh against you.
Pain shoots through your body!
* * * LOW HITPOINT WARNING * * *
You barely miss the orc priest.
The orc priest is severely wounded.
The orc priest hits you but does no damage.
You block the orc priest's attack.
You closely miss the orc priest.
The orc priest is severely wounded.
The orc priest hits you with a +0 short sword of speed.
You die...

######...# #...#
#...# #...#
#...#####...
########.........#
#....†............#
#......o..........#
#.....[@†.........#
......###...#####..#
.#.##. #....... ..
.. #. #...#### # . #
#...# #...# ....#
.>.#


You could see an orc priest.

Vanquished Creatures
  Natasha (D:3)
  5 adders
  A worm (D:2)
  A dart slug (D:2)
  A leopard gecko (D:1)
  3 orcs (D:3)
  6 bats
  2 giant cockroaches (D:1)
  3 goblins
  4 hobgoblins
  2 jackals (D:2)
  A quokka (D:2)
  3 ball pythons (D:2)
  6 frilled lizards
  7 kobolds
  2 rats
48 creatures vanquished.

Notes
Turn   | Place    | Note
-------+----------+-------------------------------------------
     0 | D:1      | sahdkjhfkaj the Human Fighter began the quest for the Orb.
     0 | D:1      | Reached XP level 1. HP: 18/18 MP: 1/1
   160 | D:1      | Reached skill level 1 in Dodging
   280 | D:1      | Reached XP level 2. HP: 24/24 MP: 2/2
  1275 | D:2      | Reached skill level 3 in Axes
  1275 | D:2      | Reached XP level 3. HP: 25/29 MP: 3/3
  1373 | D:2      | Reached skill level 1 in Evocations
  1396 | D:2      | Reached skill level 1 in Invocations
  1535 | D:2      | Reached XP level 4. HP: 35/35 MP: 4/4
  2070 | D:3      | Noticed Natasha
  2089 | D:3      | Killed Natasha
  2090 | D:3      | Reached XP level 5. HP: 22/41 MP: 5/5
  2093 | D:3      | Reached skill level 4 in Axes
  2099 | D:3      | HP: 1/41 [orc priest/nerve-wracking pain (7)]
  2101 | D:3      | Slain by an orc priest

Illustrated notes

Levels and vault maps discovered:
D:1:      dpeg_arrival_three_same_balls, layout_basic, interstate_on_off
D:2:      layout_rooms
D:3:      layout_loops_cross, uniq_natasha

Skill      XL: |  1  2  3  4  5 |
---------------+----------------+-----
Dodging        | 1 2 |  2.0
Axes           | 3 4 |  4.0
Evocations     | 1 |  1.0
Invocations    | 1 |  1.0
Fighting       | |  3.0
Armour         | |  3.2
Shields        | |  3.0

Action                   |  1- 3 |  4- 6 || total
-------------------------+-------+-------++-------
Melee: War axe           |    96 |    64 ||   160
  Use: Scroll            |     1 |     1 ||     2
       Potion            |       |     2 ||     2
Armor: Scale mail        |     3 |       ||     3
       Plate armour      |    60 |    68 ||   128
Dodge: Dodged            |    21 |    16 ||    37
Block: Kite shield       |    51 |    39 ||    90

Table legend: (Time is in decaauts)
 A = Elapsed time spent in this place.
 B = Non-inter-level travel time spent in this place.
 C = Inter-level travel time spent in this place.
 D = Time resting spent in this place.
 E = Time spent auto-exploring this place.
 F = Levels seen in this place.
 G = Mean time per level.
                   A        B        C        D        E       F      G
               +--------+--------+--------+--------+--------+-----+--------+
         Total |   2174 |   2044 |    130 |      9 |   1650 |   3 |  724.7 |
       Dungeon |   2174 |   2044 |    130 |      9 |   1650 |   3 |  724.7 |
               +--------+--------+--------+--------+--------+-----+--------+

Top non-repeatable levels by time:
     D:1: 1128 daAuts
     D:2: 973 daAuts
     D:3: 73 daAuts
